 Dungeon Crawl Stone Soup version 0.27.1-4-g1640c2035a (webtiles) character file.

Game seed: 11549176351176931090

252 zeram the Shield-Bearer (level 6, 0/53 HPs)
             Began as a Gnoll Fighter on Nov 13, 2021.
             Slain by a sky beast (6 damage)
             ... on level 5 of the Dungeon.
             The game lasted 00:04:47 (1988 turns).

zeram the Shield-Bearer (Gnoll Fighter)             Turns: 1988, Time: 00:04:47

Health: 0/53       AC:  9    Str: 17    XL:     6   Next: 14%
Magic:  8/8        EV:  8    Int:  8    God:
Gold:   72         SH: 10    Dex: 11    Spells: 8/8 levels left

rFire    . . .     SeeInvis .   a - +1 war axe
rCold    . . .     Faith    .   c - +0 kite shield
rNeg     . . .     Spirit   .   b - +0 scale mail
rPois    .         Reflect  .   d - +0 helmet
rElec    .         Harm     .   (no cloak)
rCorr    .         Rampage  .   (no gloves)
Will     .....                  (no boots)
Stlth    ..........             (no amulet)
HPRegen  0.17/turn              (no ring)
MPRegen  0.11/turn              (no ring)

@: hasted, very quick
A: fangs 1, strong nose, distributed training
a: no special abilities


You were on level 5 of the Dungeon.
You visited 1 branch of the dungeon, and saw 4 of its levels.

You collected 72 gold pieces.

Inventory:

Hand Weapons
 a - a +1 war axe (weapon)
Armour
 b - a +0 scale mail (worn)
 c - a +0 kite shield (worn)
 d - a +0 helmet (worn)
Scrolls
 f - 2 scrolls of identify
Potions
 h - a potion of heal wounds {unknown}
 i - a potion of curing
 k - a potion of mutation {unknown}


   Skills:
 + Level 6.8 Fighting
 + Level 1.8 Short Blades
 + Level 1.8 Long Blades
 + Level 4.9 Axes
 + Level 1.8 Maces & Flails
 + Level 1.8 Polearms
 + Level 1.8 Staves
 + Level 1.8 Slings
 + Level 1.8 Bows
 + Level 1.8 Crossbows
 + Level 1.8 Throwing
 + Level 6.8 Armour
 + Level 1.8 Dodging
 + Level 1.8 Stealth
 + Level 6.8 Shields
 + Level 1.8 Unarmed Combat
 + Level 1.8 Spellcasting
 + Level 1.4 Conjurations
 + Level 1.4 Hexes
 + Level 1.4 Summonings
 + Level 1.4 Necromancy
 + Level 1.4 Translocations
 + Level 1.4 Transmutations
 + Level 1.4 Fire Magic
 + Level 1.4 Ice Magic
 + Level 1.4 Air Magic
 + Level 1.4 Earth Magic
 + Level 1.4 Poison Magic
 + Level 2.0 Invocations
 + Level 1.8 Evocations


You had 8 spell levels left.
You didn't know any spells.
Your spell library was empty.

Dungeon Overview and Level Annotations

Branches:
Dungeon (3/15)

Altars:
Ru

Annotations:
D:2 Sigmund
D:5 Edmund


Innate Abilities, Weirdness & Mutations

You have very sharp teeth.
Your uncanny sense of smell can sniff out nearby items.
Your experience applies equally to all skills.


Message History

You miss the adder.
The adder is heavily wounded.
You feel sick. The adder closely misses you. You block the adder's attack.
You slash the adder!
You kill the adder!
You feel sick.
You feel sick.
You feel sick.
You are no longer poisoned.
You block something's attack.
A sky beast appears from thin air!
Reactivating autopickup.
The sky beast flickers out of sight!
Deactivating autopickup; reactivate with Ctrl-A.
Something hits you but does no damage.
A sky beast appears from thin air!
Reactivating autopickup.
You barely miss the sky beast. The sky beast hits you.
The sky beast shocks you.
You closely miss the sky beast.
The sky beast flickers out of sight!
Deactivating autopickup; reactivate with Ctrl-A.
Something hits you but does no damage. x2
You slash something! Something hits you but does no damage.
Your shield prevents you from hitting something.
You block something's attack. Something hits you but does no damage.
You hit something. Something hits you but does no damage.
You barely miss something. Something hits you. Something shocks you.
You miss something.
Something hits you but does no damage. x2
You closely miss something. Something hits you. Something shocks you.
You hit something. Something hits you.
* * * LOW HITPOINT WARNING * * *
Something shocks you.
* * * LOW HITPOINT WARNING * * *
Something hits you but does no damage.
You hit something but do no damage. Something hits you but does no damage.
You closely miss something.
Something hits you but does no damage. x2
It was a potion of haste.
You feel yourself speed up. Something hits you.
* * * LOW HITPOINT WARNING * * *
Something shocks you.
You die...

≈≈≈..≈ .≈≈≈≈≈ .....
..#.##≈≈≈..#
(..........#
..#####.#..# .#
#.#..### # #.#....
#.##.##########
#.#####.......≈{@...#
#..........##########
######.#### #######.#
......≈.# #######.#
#.# #.# ###


There were no monsters in sight!

Vanquished Creatures
  An ice beast (D:3)
  An orc wizard (D:5)
  Robin (D:2)
  A howler monkey skeleton (D:5)
  4 adders
  2 gnolls (D:5)
  A worm (D:2)
  2 orcs
  3 bats
  3 endoplasms
  2 giant cockroaches
  12 goblins
  6 hobgoblins
  2 jackals (D:2)
  2 quokkas
  2 ball pythons
  7 kobolds
  6 rats
58 creatures vanquished.

Notes
Turn   | Place    | Note
-------+----------+-------------------------------------------
     0 | D:1      | zeram the Gnoll Fighter began the quest for the Orb.
     0 | D:1      | Reached XP level 1. HP: 23/23 MP: 1/1
   276 | D:1      | Reached XP level 2. HP: 29/29 MP: 2/2
   799 | D:2      | Reached XP level 3. HP: 28/35 MP: 2/4
   873 | D:2      | Reached skill level 1 in Invocations
   927 | D:2      | Reached skill level 1 in Short Blades
   927 | D:2      | Reached skill level 1 in Long Blades
   927 | D:2      | Reached skill level 1 in Maces & Flails
   927 | D:2      | Reached skill level 1 in Polearms
   927 | D:2      | Reached skill level 1 in Staves
   927 | D:2      | Reached skill level 1 in Slings
   927 | D:2      | Reached skill level 1 in Bows
   927 | D:2      | Reached skill level 1 in Crossbows
   927 | D:2      | Reached skill level 1 in Throwing
   927 | D:2      | Reached skill level 1 in Dodging
   927 | D:2      | Reached skill level 1 in Stealth
   927 | D:2      | Reached skill level 1 in Unarmed Combat
   927 | D:2      | Reached skill level 1 in Spellcasting
   927 | D:2      | Reached skill level 1 in Evocations
  1098 | D:2      | Noticed Robin
  1104 | D:2      | Reached XP level 4. HP: 31/41 MP: 5/5
  1120 | D:2      | Killed Robin
  1436 | D:2      | Noticed Sigmund
  1504 | D:3      | Noticed an ice beast
  1513 | D:3      | Killed an ice beast
  1514 | D:3      | Reached skill level 1 in Conjurations
  1514 | D:3      | Reached skill level 1 in Hexes
  1514 | D:3      | Reached skill level 1 in Summonings
  1514 | D:3      | Reached skill level 1 in Necromancy
  1514 | D:3      | Reached skill level 1 in Translocations
  1514 | D:3      | Reached skill level 1 in Transmutations
  1514 | D:3      | Reached skill level 1 in Fire Magic
  1514 | D:3      | Reached skill level 1 in Ice Magic
  1514 | D:3      | Reached skill level 1 in Air Magic
  1514 | D:3      | Reached skill level 1 in Earth Magic
  1514 | D:3      | Reached skill level 1 in Poison Magic
  1514 | D:3      | Reached XP level 5. HP: 38/47 MP: 5/7
  1617 | D:3      | You fall into a shaft and drop 2 floors!
  1617 | D:5      | Entered Level 5 of the Dungeon
  1634 | D:5      | Found a sacrificial altar of Ru.
  1648 | D:5      | Reached XP level 6. HP: 22/53 MP: 8/8
  1894 | D:5      | Noticed Edmund
  1933 | D:5      | Noticed a sky beast
  1988 | D:5      | Slain by a sky beast

Illustrated notes

Levels and vault maps discovered:
D:1:      scummos_arrival_gate, layout_loops_ring
D:2:      layout_rooms, uniq_crazy_yiuf_cottage, uniq_sigmund, uniq_robin
D:3:      minmay_roachtagon, layout_basic, nicolae_gozag_zags_fifth_avenue,
          fountainhead
D:5:      layout_basic, nicolae_ru_great_annihilating_truth,
          chequers_serial_rivers_small_a, minmay_manual_mandibuliform,
          uniq_edmund

Skill      XL: |  1  2  3  4  5 |
---------------+----------------+-----
Invocations    | 1 2 |  2.0
Short Blades   | 1 |  1.8
Long Blades    | 1 |  1.8
Maces & Flails | 1 |  1.8
Polearms       | 1 |  1.8
Staves         | 1 |  1.8
Slings         | 1 |  1.8
Bows           | 1 |  1.8
Crossbows      | 1 |  1.8
Throwing       | 1 |  1.8
Dodging        | 1 |  1.8
Stealth        | 1 |  1.8
Unarmed Combat | 1 |  1.8
Spellcasting   | 1 |  1.8
Evocations     | 1 |  1.8
Conjurations   | 1 |  1.4
Hexes          | 1 |  1.4
Summonings     | 1 |  1.4
Necromancy     | 1 |  1.4
Translocations | 1 |  1.4
Transmutations | 1 |  1.4
Fire Magic     | 1 |  1.4
Ice Magic      | 1 |  1.4
Air Magic      | 1 |  1.4
Earth Magic    | 1 |  1.4
Poison Magic   | 1 |  1.4
Fighting       | |  6.8
Axes           | |  4.9
Armour         | |  6.8
Shields        | |  6.8

Action                   |  1- 3 |  4- 6 || total
-------------------------+-------+-------++-------
Melee: War axe           |    71 |    62 ||   133
       Bite              |     7 |     4 ||    11
  Use: Potion            |       |     3 ||     3
       Scroll            |       |     4 ||     4
 Stab: Paralysed         |       |     1 ||     1
Armor: Scale mail        |    30 |    40 ||    70
Dodge: Dodged            |    20 |    20 ||    40
Block: Kite shield       |    37 |    49 ||    86
